 Dungeon Crawl Stone Soup version 0.31-a0-182-gc5ef74bbde (webtiles) character file.

Game seed: 17470652125493844045

954 innerfire43 the Cudgeller (level 7, -4/53 HPs)
             Began as a Demonspawn Monk on June 20, 2023.
             Was a Believer of Trog.
             Killed from afar by a steam dragon (6 damage)
             ... with a ball of steam
             ... on level 6 of the Dungeon.
             The game lasted 00:08:37 (5065 turns).

innerfire43 the Cudgeller (Demonspawn Monk)         Turns: 5065, Time: 00:08:38

Health: -4/53      AC:  9    Str: 13    XL:     7   Next: 90%
Magic:  0/7        EV: 13    Int: 17    God:    Trog [**....]
Gold:   371        SH:  0    Dex: 20    Spells: 6/6 levels left

rFire   . . .        k - +4 mace of Ynkeggo {heavy, *Noise Will+ Int+3 Stlth+}
rCold   . . .        d - orb {light}
rNeg    . . .        v - +2 leather armour {rF+}
rPois   +            s - +0 helmet
rElec   +            (no cloak)
rCorr   .            r - +0 pair of gloves
SInv    .            (no boots)
Will    +++..        g - amulet of guardian spirit
Stlth   +            y - ring of flight
HPRegen 1.28/turn    j - ring of Ramecao {rElec rPois rF- Int+2 Dex+5}
MPRegen 0.20/turn

%: guardian spirit
@: lethally poisoned (-4 -> -5), strong-willed, flying, regenerating, glowing
A: claws 2, icy blue scales 1, magic regeneration
a: Renounce Religion, Berserk, Trog's Hand


You were on level 6 of the Dungeon.
You worshipped Trog.
Trog was pleased with you.
You visited 1 branch of the dungeon, and saw 6 of its levels.
You also visited: Ossuary.

You collected 371 gold pieces.

Inventory:

Hand Weapons
 a - a +0 spear
 i - a +0 trident
 k - the +4 mace of Ynkeggo (weapon) {heavy, *Noise Will+ Int+3 Stlth+}
   (You found it on level 3 of the Dungeon)

   Int:       It affects your intelligence (+3).
   *Noise:    It may make noises in combat.
   Will:      It increases your willpower.
   Stlth:     It makes you more stealthy.
 w - the +6 dagger "Lioch" {drain, rPois rN+ MP-9}
   (You found it on level 4 of the Dungeon)

   rPois:     It protects you from poison.
   rN:        It protects you from negative energy.
   MP:        It affects your magic capacity (-9).
Armour
 b - a +0 robe
 d - an orb of light (worn)
 r - a +0 pair of gloves (worn)
 s - a +0 helmet (worn)
 t - a +0 ring mail
 v - a +2 leather armour of fire resistance (worn)
Jewellery
 e - an amulet of magic regeneration
 g - an amulet of guardian spirit (around neck)
 j - the ring of Ramecao (right hand) {rElec rPois rF- Int+2 Dex+5}
   (You acquired it on level 5 of the Dungeon)

   [ring of poison resistance]

   Int:       It affects your intelligence (+2).
   Dex:       It affects your dexterity (+5).
   rF:        It makes you vulnerable to fire.
   rElec:     It insulates you from electricity.
   rPois:     It protects you from poison.
 n - a ring of see invisible
 y - a ring of flight (left hand)
 z - a ring of protection from cold
 K - an amulet of magic regeneration
Scrolls
 h - a scroll of teleportation
 m - 2 scrolls of immolation
 o - 5 scrolls of identify
 x - a scroll of enchant armour {unknown}
 A - 2 scrolls of fog {unknown}
 B - a scroll of brand weapon {unknown}
 F - a scroll of fear {unknown}
 H - a scroll of blinking {unknown}
 I - a scroll of butterflies {unknown}
Potions
 f - 3 potions of curing
 l - a potion of cancellation {unknown}
 p - a potion of might {unknown}
 q - a potion of heal wounds {unknown}
 u - a potion of brilliance {unknown}
 C - a potion of mutation {unknown}
 D - a potion of enlightenment {unknown}
 E - 2 potions of lignification {unknown}
 G - 2 potions of degeneration {unknown}
 J - a potion of attraction {unknown}


   Skills:
 * Level 3.8 Fighting
 + Level 6.3 Maces & Flails
 - Level 4.1 Polearms
 * Level 2.3 Armour
 * Level 3.4 Dodging


You had 6 spell levels left.
You didn't know any spells.
Your spell library contained the following spells:

 Spells                   Type           Power      Damage    Failure   Level
 Apportation              Tloc           0%         N/A       30%         1
 Magic Dart               Conj           0%         1d3       30%         1
 Necrotise                Necr           0%         1d4       30%         1
 Summon Small Mammal      Summ           0%         N/A       30%         1
 Call Imp                 Summ           0%         N/A       41%         2
 Mephitic Cloud           Conj/Pois/Air  0%         N/A       65%         3
 Vampiric Draining        Necr           0%         2d6       65%         3
 Agony                    Necr           0%         N/A       100%        5
 Alistair's Intoxication  Tmut/Pois      0%         N/A       100%        5


Dungeon Overview and Level Annotations

Branches:
Dungeon (6/15)            Ossuary (visited)
 Temple: D:4-7

Altars:
Gozag
Qazlal
Trog


Innate Abilities, Weirdness & Mutations

You have very sharp fingernails.
You are partially covered in icy blue scales. (AC +2)
You regenerate magic rapidly.


Message History

The ball of steam hits you!
* * * LOW HITPOINT WARNING * * *
The orc hits you with a +1 dagger of venom.
* * * LOW HITPOINT WARNING * * *
You are poisoned.
You hear a shout!
You hit the orc but do no damage.
You are engulfed in a cloud of scalding steam.
* * * LOW HITPOINT WARNING * * *
You feel very sick.
The orc is engulfed in a cloud of scalding steam.
The orc dies!
The steam dragon bites you but does no damage.
The steam dragon closely misses you. The orc hits you but does no damage.
You are lethally poisoned!
The orc wizard hits you but does no damage.
The steam dragon misses you. The steam dragon claws you.
* * * LOW HITPOINT WARNING * * *
The orc wizard barely misses you.
The orc hits you with a +1 dagger of venom.
* * * LOW HITPOINT WARNING * * *
You barely miss the steam dragon.
You are engulfed in a cloud of scalding steam.
* * * LOW HITPOINT WARNING * * *
You feel less invigorated.
You feel less confused.
* * * LOW HITPOINT WARNING * * *
You feel very sick. The orc wizard barely misses you.
The steam dragon bites you.
* * * LOW HITPOINT WARNING * * *
The steam dragon closely misses you. The orc hits you but does no damage.
Okay, then.
Your skin crawls.
You feel strong-willed.
* * * LOW HITPOINT WARNING * * *
You feel very sick.
An orc comes into view. It is wielding a +0 flail.
The steam dragon breathes steam at you. The ball of steam hits you!
You die...

#......## ..... ..
###.....##.##..o...
#..........##....
#...#.####.......
##.....###.....>.
#....##).#.........
".......##....o......
..$.....#..)ooo......
..#.........D@.......
# #..................
...................
#...................
#.#...............
###...............
#...............
.....#.........


You could see a steam dragon (catching breath), an orc wizard and 4 orcs.

Vanquished Creatures
  A wraith (Ossuary)
  Eustachio (D:4)
  Menkaure (D:6)
  A scorpion (D:4)
  2 jellies (D:4)
  2 howler monkeys
  A hound (D:6)
  An iguana (D:5)
  A sleepcap (D:4)
  Natasha (thrice) (D:4)
  An orc wizard (D:5)
  A mummy (Ossuary)
  5 adders
  4 dart slugs
  A worm (D:4)
  6 orcs
  3 ball pythons
  7 endoplasms
  2 giant cockroaches (D:1)
  13 hobgoblins
  4 quokkas
  2 bats (D:1)
  3 frilled lizards
  4 gnoll skeletons (Ossuary)
  8 goblins
  9 kobolds
  5 kobold skeletons (Ossuary)
  15 orc skeletons (Ossuary)
  4 rats
111 creatures vanquished.

Vanquished Creatures (others)
  An orc priest (D:6)
  An orc (D:6)
2 creatures vanquished.

Grand Total: 113 creatures vanquished

Notes
Turn   | Place    | Note
-------+----------+-------------------------------------------
     0 | D:1      | innerfire43 the Demonspawn Monk began the quest for the
                  | Orb.
     0 | D:1      | Reached XP level 1. HP: 18/18 MP: 1/1
   138 | D:1      | Gained mutation: You have sharp fingernails. [demonic
                  | ancestry]
   138 | D:1      | Reached XP level 2. HP: 23/24 MP: 2/2
   561 | D:1      | Gained mutation: You regenerate magic rapidly. [demonic
                  | ancestry]
   561 | D:1      | Reached XP level 3. HP: 29/29 MP: 3/3
  1777 | D:2      | Reached XP level 4. HP: 27/35 MP: 4/4
  2336 | D:3      | Identified the +4 mace of Ynkeggo {heavy, *Noise Will+
                  | Int+3 Stlth+}
  2372 | D:3      | Found an opulent altar of Gozag.
  2674 | D:4      | Noticed Natasha
  2678 | D:4      | Killed Natasha
  2679 | D:4      | Reached skill level 1 in Maces & Flails
  2722 | D:4      | Reached skill level 2 in Maces & Flails
  2722 | D:4      | Gained mutation: You have very sharp fingernails. [demonic
                  | ancestry]
  2722 | D:4      | Reached XP level 5. HP: 38/41 MP: 3/5
  2786 | D:4      | Identified the +6 dagger "Lioch" {drain, rPois rN+ MP-9}
  2958 | D:4      | Noticed Eustachio
  2970 | D:4      | Killed Eustachio
  2971 | D:4      | Reached skill level 3 in Maces & Flails
  2971 | D:4      | Gained mutation: You are partially covered in icy blue
                  | scales. (AC +2) [demonic ancestry]
  2971 | D:4      | Reached XP level 6. HP: 26/47 MP: 4/6
  3120 | D:4      | Reached skill level 4 in Maces & Flails
  3120 | D:4      | Reached skill level 1 in Armour
  3311 | D:4      | Noticed Natasha
  3316 | D:4      | Killed Natasha
  3353 | D:4      | Noticed Natasha
  3366 | D:4      | Killed Natasha
  3803 | D:4      | Reached skill level 5 in Maces & Flails
  3803 | D:4      | Reached XP level 7. HP: 34/52 MP: 4/7
  3930 | D:4      | Found a bloodstained altar of Trog.
  3950 | D:4      | Became a worshipper of Trog the Wrathful
  3950 | D:4      | Reached * piety under Trog
  3950 | D:4      | Reached ** piety under Trog
  3960 | D:5      | Entered Level 5 of the Dungeon
  4123 | D:5      | Found a sand-covered staircase.
  4141 | Ossuary  | Entered an ossuary
  4141 | Ossuary  | Noticed a wraith
  4141 | Ossuary  | Noticed a wraith
  4141 | Ossuary  | Noticed a wraith
  4192 | Ossuary  | Noticed a wraith
  4216 | Ossuary  | Killed a wraith
  4474 | D:5      | Identified a scroll of acquirement
  4474 | D:5      | Acquired the ring of Ramecao {rElec rPois rF- Int+2 Dex+5}
  4654 | D:5      | Reached skill level 6 in Maces & Flails
  4963 | D:5      | Found a stormy altar of Qazlal.
  5013 | D:6      | Noticed Menkaure
  5021 | D:6      | Killed Menkaure
  5051 | D:6      | Noticed a steam dragon
  5065 | D:6      | HP: 2/53 [poisoned by an orc]
  5065 | D:6      | Killed from afar by a steam dragon

Illustrated notes

Levels and vault maps discovered:
D:1:      minmay_arrival_four_loops, layout_basic, minmay_three_crescents
D:2:      layout_basic
D:3:      layout_rooms, grunt_gozag_breadcrumbs, minmay_gold_behind_fungi
D:4:      nicolae_cairo_tiling_very_big, layout_loops_corners, zin_statuary,
          trog_hazing_becter, nrook_mini_backslash, solitary_fountain,
          uniq_eustachio, uniq_natasha
D:5:      nicolae_cairo_tiling, layout_gridville,
          nicolae_qazlal_scattered_showers, enter_ossuary_1
D:6:      layout_cave_pools, lightli_sewer_entry_pipes, uniq_crazy_yiuf_cottage,
          uniq_menkaure

Skill      XL: |  1  2  3  4  5  6  7 |
---------------+----------------------+-----
Polearms       | 3 4 |  4.1
Dodging        | 3 |  3.4
Maces & Flails | 2 3 5 6 |  6.3
Armour         | 1 2 |  2.3
Fighting       | |  3.8

Action                     |  1- 3 |  4- 6 |  7- 9 || total
---------------------------+-------+-------+-------++-------
  Melee: Spear             |   103 |       |       ||   103
         Trident           |    49 |    10 |       ||    59
         Mace              |       |    58 |    84 ||   142
 Invoke: Trog's Hand       |       |       |     2 ||     2
    Use: Scroll            |       |     6 |     1 ||     7
         Potion            |       |       |     3 ||     3
   Stab: Sleeping          |       |     1 |     1 ||     2
         Held in net/web   |       |       |     1 ||     1
 Armour: Robe              |    12 |     4 |       ||    16
         Ring mail         |       |    11 |       ||    11
         Leather armour    |       |    24 |    71 ||    95
  Dodge: Dodged            |    64 |    48 |   100 ||   212

Table legend: (Time is in decaauts)
 A = Elapsed time spent in this place.
 B = Non-inter-level travel time spent in this place.
 C = Inter-level travel time spent in this place.
 D = Time resting spent in this place.
 E = Time spent auto-exploring this place.
 F = Levels seen in this place.
 G = Mean time per level.
                   A        B        C        D        E       F      G
               +--------+--------+--------+--------+--------+-----+--------+
         Total |   5189 |   4930 |    259 |      0 |   3969 |   7 |  741.3 |
       Dungeon |   4810 |   4551 |    259 |      0 |   3807 |   6 |  801.7 |
       Ossuary |    379 |    379 |      0 |      0 |    162 |   1 |  379.0 |
               +--------+--------+--------+--------+--------+-----+--------+

Top non-repeatable levels by time:
     D:4: 1361 daAuts
     D:1: 1268 daAuts
     D:2: 853 daAuts
     D:5: 734 daAuts
     D:3: 531 daAuts
 Ossuary: 379 daAuts
     D:6: 61 daAuts
